 Dungeon Crawl Stone Soup version 0.28.0 (webtiles) character file.

Game seed: 3696941391698173945

8519 Hasart the Basher (level 10, -1/83 HPs)
             Began as a Demigod Fighter on Feb 13, 2022.
             Killed from afar by an acid dragon (26 damage)
             ... with a splash of acid
             ... on level 10 of the Dungeon.
             The game lasted 00:20:14 (12738 turns).

Hasart the Basher (Demigod Fighter)                Turns: 12738, Time: 00:20:14

Health: -1/83      AC: 22    Str: 21    XL:     10   Next: 86%
Magic:  13/13      EV:  8    Int: 10    God:
Gold:   51         SH: 12    Dex: 27    Spells: 9/9 levels left

rFire   . . .      SeeInvis .   s - +3 morningstar (protect)
rCold   . . .      Faith    .   Q - +0 kite shield
rNeg    . . .      Spirit   .   k - +0 plate armour
rPois   .          Reflect  .   P - +2 helmet
rElec   .          Harm     .   j - +0 cloak
rCorr   .          Rampage  .   (no gloves)
Will    +....      Clarity  +   a - +0 pair of boots
Stlth   ..........              (no amulet)
HPRegen 0.23/turn               p - +6 ring of dexterity
MPRegen 0.13/turn               m - +4 ring of protection

@: slowed, very slow
A: high MP 1, forlorn, divine attributes, clarity
a: no special abilities


You were on level 10 of the Dungeon.
You visited 1 branch of the dungeon, and saw 10 of its levels.

You collected 543 gold pieces.
You spent 492 gold pieces at shops.

Inventory:

Hand Weapons
 e - a +1 whip of electrocution
 s - a +3 morningstar of protection (weapon)
Missiles
 g - 21 poisoned darts (quivered)
 y - 3 javelins
Armour
 a - a +0 pair of boots (worn)
 j - a +0 cloak (worn)
 k - a +0 plate armour (worn)
 F - the +2 ring mail of the Pirate {Fly Will+}
   (You found it on level 5 of the Dungeon)

   Fly:       It grants you flight.
   Will:      It increases your willpower.
 P - a +2 helmet (worn)
 Q - a +0 kite shield (worn)
Jewellery
 m - a +4 ring of protection (right hand)
 p - a +6 ring of dexterity (left hand)
 D - a ring of ice
 H - a ring of positive energy
Wands
 l - a wand of iceblast (8)
 o - a wand of digging (11)
 v - a wand of polymorph (20)
 w - a wand of flame (6)
Scrolls
 i - a scroll of fear
 q - 2 scrolls of amnesia
 t - a scroll of enchant armour
 A - 2 scrolls of magic mapping
 B - 2 scrolls of vulnerability
 C - a scroll of fog
 G - a scroll of enchant weapon
 I - 4 scrolls of teleportation
 J - 2 scrolls of brand weapon
 M - a scroll of summoning
 N - a scroll of identify
 O - a scroll of immolation
Potions
 b - 2 potions of attraction {unknown}
 d - 2 potions of might
 f - 9 potions of curing
 n - 2 potions of mutation
 r - a potion of magic {unknown}
 u - a potion of lignification {unknown}
 x - 3 potions of degeneration {unknown}
 z - a potion of haste
 E - a potion of berserk rage {unknown}
 K - a potion of cancellation {unknown}
 L - a potion of heal wounds {unknown}


   Skills:
 + Level 6.2 Fighting
 - Level 1.7 Long Blades
 * Level 8.1 Maces & Flails
 + Level 5.4 Throwing
 + Level 6.3 Armour
 + Level 5.5 Dodging
 + Level 6.2 Shields
 + Level 4.9 Evocations


You had 9 spell levels left.
You didn't know any spells.
Your spell library contained the following spells:

 Spells                   Type           Power      Damage    Failure   Level
 Magic Dart               Conj           0%         1d3       100%        1
 Call Imp                 Summ           0%         N/A       100%        2
 Sublimation of Blood     Necr           0%         N/A       100%        2
 Wereblood                Tmut           0%         N/A       100%        2
 Mephitic Cloud           Conj/Pois/Air  0%         N/A       100%        3
 Stone Arrow              Conj/Erth      0%         3d7       100%        3
 Summon Guardian Golem    Hex/Summ       0%         N/A       100%        3
 Animate Armour           Summ/Erth      0%         N/A       100%        4
 Summon Ice Beast         Ice/Summ       0%         N/A       100%        4
 Summon Mana Viper        Hex/Summ       0%         N/A       100%        5
 Monstrous Menagerie      Summ           0%         N/A       100%        7
 Orb of Destruction       Conj           0%         9d5       100%        7
 Spellforged Servitor     Conj/Summ      0%         N/A       100%        7
 Summon Hydra             Summ           0%         N/A       100%        7
 Lehudib's Crystal Spear  Conj/Erth      0%         10d2      100%        8


Dungeon Overview and Level Annotations

Branches:
Dungeon (10/15)            Temple (0/1) D:6            Lair (0/6) D:10
    Orc: D:9-12

Shops:
D:5 [   D:9 [

Annotations:
D:2 1 runed translucent door, Crazy Yiuf


Innate Abilities, Weirdness & Mutations

You have an increased reservoir of magic. (+10% MP)
You shall have no god before yourself.
Your divine heritage dramatically boosts your attributes as you level up.
You possess an exceptional clarity of mind.


Message History

You have difficulty breathing.
You feel as though you will be slow longer.
Unknown command.
Unknown command.
Aiming: Iceblast
Press: ? - help, Shift-Dir - straight line, p - Sonja The mass of ice explodes!
The iceblast engulfs Sonja!!
Sonja is almost dead.
You feel very sick.
Sonja mumbles some strange words.
Sonja blinks!
Sonja throws a curare-tipped dart.
The curare-tipped dart hits you.
You are more poisoned.
You have difficulty breathing.
You feel as though you will be slow longer.
Unknown command.
Unknown command.
Unknown command.
Aiming: Iceblast
Press: ? - help, Shift-Dir - straight line The mass of ice explodes!
The iceblast engulfs Sonja!
You kill Sonja!
You feel extremely sick.
Unknown command.
Unknown command.
You feel very sick.
An acid dragon comes into view.
You feel very sick. The acid dragon spits acid at you.
You block the splash of acid.
You see here 21 stones.
You feel sick.
You feel sick.
You feel sick.
You feel sick.
You feel sick.
You are no longer poisoned.
The acid dragon spits acid at you. The splash of acid hits you!!
You die...

....[................#.....#...'.
#########..........).#.....#...#.
#............'.....#...##
#......).....#######.....
#..............รท.........
#.........#######...#####
#.........#.....#...#
######..D......#.....#...#
#......(#####@##[...^#...#
#.......#......)))...#..<#####
#.......#...######...#........
#...D...#...# #...#......##
#.......###.# +...#......#.
#........ #.# #...#......#.
.')....... #.# #...#..#+###.
.#.........#.# ##...####.....
#.......###.# ##.....###.....


You could see an acid dragon (catching breath).

Vanquished Creatures
  A two-headed ogre (D:9)
  Sonja (D:10)
  A cyclops (D:8)
  An elephant (D:9)
  A komodo dragon (D:7)
  A kobold demonologist (D:8)
  A hornet (D:9)
  Prince Ribbit (D:7)
  2 wyverns
  8 yaks
  2 steam dragons
  3 water moccasins
  An orc warrior (D:8)
  4 ice beasts
  3 black bears
  A sky beast (D:8)
  A hornet zombie (D:7)
  2 ogres
  3 centaurs
  A scorpion (D:6)
  A wyvern zombie (D:8)
  A kobold brigand (D:9)
  Blork the orc (D:5)
  A bullfrog (D:7)
  A gnoll sergeant (D:10)
  A water moccasin skeleton (D:6)
  A wyvern skeleton (D:5)
  A water moccasin zombie (D:5)
  12 wights
  An electric eel (D:9)
  2 bullfrog zombies
  3 howler monkeys
  6 centaur zombies (D:7)
  2 bullfrog skeletons
  2 orc priests
  2 hounds
  Jessica (D:2)
  Natasha (thrice) (D:3)
  4 centaur skeletons
  Ijyb (D:3)
  8 iguanas
  4 orc wizards
  3 killer bee zombies
  2 howler monkey zombies
  13 gnolls
  3 adders
  2 white imps
  2 worms
  2 dart slugs
  10 orcs
  9 ball pythons
  4 bats
  6 endoplasms
  A giant cockroach (D:1)
  3 goblins
  6 hobgoblins
  4 jackals (D:3)
  5 quokkas
  3 frilled lizards
  7 kobolds
  6 rats
189 creatures vanquished.

Vanquished Creatures (others)
  3 fungi
3 creatures vanquished.

Grand Total: 192 creatures vanquished

Notes
Turn   | Place    | Note
-------+----------+-------------------------------------------
     0 | D:1      | Hasart the Demigod Fighter began the quest for the Orb.
     0 | D:1      | Reached XP level 1. HP: 18/18 MP: 3/3
     2 | D:1      | Noticed a vine stalker
     2 | D:1      | Noticed an octopode
     4 | D:1      | Noticed a demonspawn
     4 | D:1      | Noticed a tengu
     6 | D:1      | Noticed a felid
     8 | D:1      | Noticed a naga
     8 | D:1      | Noticed a minotaur
    10 | D:1      | Noticed a ghoul
    12 | D:1      | Noticed an elf
    12 | D:1      | Noticed a gargoyle
    14 | D:1      | Noticed a draconian
    16 | D:1      | Noticed a dwarf
    18 | D:1      | Noticed a merfolk
    18 | D:1      | Noticed a troll
    20 | D:1      | Noticed a demigod
    22 | D:1      | Noticed a vampire
    22 | D:1      | Noticed an ogre
    24 | D:1      | Noticed a human
    24 | D:1      | Noticed a spriggan
    26 | D:1      | Noticed a formicid
   436 | D:1      | Reached XP level 2. HP: 25/25 MP: 4/4
   689 | D:1      | Reached skill level 1 in Maces & Flails
  1106 | D:2      | Reached XP level 3. HP: 25/30 MP: 5/5
  1412 | D:2      | Noticed Jessica
  1418 | D:2      | Killed Jessica
  1419 | D:2      | Reached skill level 1 in Dodging
  1557 | D:2      | Gained mutation: You possess an exceptional clarity of
                  | mind. [potion of mutation]
  1557 | D:2      | Lost mutation: You possess an exceptional clarity of mind.
                  | [potion of mutation]
  1557 | D:2      | Gained mutation: You possess an exceptional clarity of
                  | mind. [potion of mutation]
  1561 | D:2      | Reached skill level 2 in Maces & Flails
  1561 | D:2      | Reached XP level 4. HP: 5/38 MP: 6/6
  1565 | D:2      | Reached skill level 1 in Throwing
  2071 | D:2      | Reached XP level 5. HP: 26/45 MP: 7/7
  2360 | D:2      | Found a runed translucent door.
  2361 | D:2      | Noticed Crazy Yiuf
  2445 | D:3      | Noticed Natasha
  2450 | D:3      | Killed Natasha
  2476 | D:3      | Noticed a water moccasin
  2490 | D:3      | Killed a water moccasin
  2537 | D:3      | Reached XP level 6. HP: 51/51 MP: 8/8
  2553 | D:3      | Reached skill level 3 in Maces & Flails
  2594 | D:3      | Noticed Natasha
  2600 | D:3      | Killed Natasha
  2721 | D:3      | You fall into a shaft and drop 2 floors!
  2721 | D:5      | Entered Level 5 of the Dungeon
  2721 | D:5      | Found Xolu's Antique Armour Shop.
  3025 | D:4      | Noticed a steam dragon
  3037 | D:4      | Killed a steam dragon
  3038 | D:4      | Reached XP level 7. HP: 35/58 MP: 9/9
  3055 | D:4      | Reached skill level 1 in Evocations
  3396 | D:4      | Reached skill level 4 in Maces & Flails
  3728 | D:5      | Noticed Blork the orc
  3737 | D:5      | Killed Blork the orc
  4135 | D:3      | Noticed Ijyb
  4156 | D:3      | Killed Ijyb
  4202 | D:3      | Noticed Natasha
  4209 | D:3      | Killed Natasha
  4923 | D:5      | Reached XP level 8. HP: 66/66 MP: 10/10
  5286 | D:5      | Identified the +2 ring mail of the Pirate {Fly Will+}
  5821 | D:5      | HP: 3/67 [iguana (9)]
  6287 | D:6      | Reached skill level 5 in Maces & Flails
  6323 | D:6      | Found a staircase to the Ecumenical Temple.
  7624 | D:7      | Noticed a komodo dragon
  8196 | D:7      | Noticed Prince Ribbit
  8224 | D:7      | Killed Prince Ribbit
  8225 | D:7      | Reached skill level 5 in Armour
  8225 | D:7      | Reached XP level 9. HP: 48/73 MP: 11/11
  8454 | D:7      | Reached skill level 5 in Fighting
  8631 | D:7      | Killed a komodo dragon
  8632 | D:7      | Reached skill level 6 in Maces & Flails
  8632 | D:7      | Reached skill level 5 in Shields
  9927 | D:8      | Noticed a cyclops
  9935 | D:8      | Killed a cyclops
 10297 | D:8      | Reached skill level 7 in Maces & Flails
 10297 | D:8      | Reached XP level 10. HP: 46/82 MP: 13/13
 10810 | D:9      | Noticed a two-headed ogre
 10824 | D:9      | Killed a two-headed ogre
 10945 | D:9      | Reached skill level 5 in Dodging
 11047 | D:8      | Noticed a soul eater
 11050 | D:8      | Reached skill level 5 in Throwing
 11521 | D:9      | Found Colaf's Antique Armour Shop.
 11802 | D:9      | Bought an ichor-stained chain mail for 275 gold pieces
 11802 | D:9      | Identified the +5 chain mail of Youthful Indiscretion {Harm
                  | rF- rCorr Dex-4} (You bought it in a shop on level 9 of the
                  | Dungeon)
 11802 | D:9      | Bought a glowing helmet for 217 gold pieces
 11889 | D:10     | Entered Level 10 of the Dungeon
 11904 | D:10     | Found a staircase to the Lair.
 11904 | D:10     | Noticed an elephant
 11933 | D:9      | Killed an elephant
 12685 | D:10     | Reached skill level 8 in Maces & Flails
 12726 | D:10     | Noticed Sonja
 12730 | D:10     | Killed Sonja
 12738 | D:10     | Killed from afar by an acid dragon

Illustrated notes

Levels and vault maps discovered:
D:1:      kb_arrival_jail, layout_rooms, dilly_ecumenical_altar_fadedgnrine,
          chequers_serial_rivers_room_a
D:2:      layout_loops_corners, basic_altar, uniq_jessica,
          uniq_crazy_yiuf_cottage
D:3:      layout_basic, uniq_ijyb, uniq_natasha
D:4:      layout_rooms, nzn_wu_jian_contemplation,
          mainiacjoe_overflow_cross_hatched, minmay_misc_feat_tiny,
          kennysheep_generic_room_8
D:5:      layout_basic, trog_butcher_becter, mainiacjoe_overflow_chevrons,
          mainiacjoe_overflow_alcove_4,
          nicolae_gozag_cash_rules_everything_around_me, serial_shops,
          nicolae_stop_n_shop_1, uniq_blork_the_orc
D:6:      layout_rooms, zin_scriptorium, minmay_temple_entry_water_ring,
          skrybe_limestone_x
D:7:      layout_gridville, xom_teletrap_fun, nicolae_yredelemnul_corpse_copse,
          hangedman_decor_growths, uniq_prince_ribbit1
D:8:      layout_gridville, enter_ossuary_1, st_stairs_9
D:9:      layout_cave_pools, overflow_temple_1_default,
          mainiacjoe_overflow_small_starburst, serial_shops,
          nicolae_inconvenience_store, chequers_serial_rivers_large_a,
          minmay_misc_feat_chi
D:10:     layout_irregular_city, david_lair_generic, uniq_sonja

Skill      XL: |  1  2  3  4  5  6  7  8  9 10 |
---------------+-------------------------------+-----
Maces & Flails | 1 2 3 4 5 7 8 |  8.1
Fighting       | 3 4 5 6 |  6.2
Armour         | 3 4 5 6 |  6.3
Dodging        | 1 2 3 4 5 |  5.5
Shields        | 3 4 5 6 |  6.2
Throwing       | 1 2 3 4 5 |  5.4
Evocations     | 2 3 4 |  4.9
Long Blades    | |  1.7

Action                   |  1- 3 |  4- 6 |  7- 9 | 10-12 || total
-------------------------+-------+-------+-------+-------++-------
Melee: Whip              |   120 |   128 |   377 |       ||   625
       Long sword        |     1 |       |       |       ||     1
       Morningstar       |       |       |    71 |   153 ||   224
Throw: Dart              |       |    13 |    33 |     6 ||    52
       Javelin           |       |       |       |     2 ||     2
Evoke: Wand              |       |       |     1 |     4 ||     5
  Use: Potion            |     1 |       |     1 |       ||     2
       Scroll            |       |       |    11 |     2 ||    13
Armor: Scale mail        |    32 |       |       |       ||    32
       Plate armour      |    30 |    57 |   274 |   103 ||   464
Dodge: Dodged            |    48 |    23 |   147 |    60 ||   278
Block: Buckler           |    26 |    28 |   155 |    60 ||   269
       Kite shield       |       |       |       |    15 ||    15
